Map: Bel'Shir Vestige LE (Void)

Players

MicroJacksOn

  • Race: Zerg Zerg
  • League: Diamond
  • Spawn Location: 11:00

Trizztein - Winner!

  • Race: Terran Terran
  • League: Diamond
  • Spawn Location: 5:00

VOD

Have the link to the VOD?

Description

Time

  • Played on: Feb. 27, 2017, 7:56 a.m.
  • Length: 17:50
Show
View Real Time Build Order
Export as new Build Order

MicroJacksOn Zerg 

Build Orders: Hatch First, Muta Ling Bane 

Get SALT Encoding   

  12  0:01  Drone  
  13  0:13  Overlord  
  13  0:17  Drone  
  14  0:32  Drone  
  15  0:36  Drone x2  
  17  0:47  Drone  
  18  1:02  Hatchery  
  17  1:07  Drone  
  17  1:09  Extractor  
  17  1:22  Spawning Pool, Drone x2  
  18  1:35  Drone  
  19  1:44  Overlord  
  19  2:09  Queen  
  19  2:11  Zergling x4  
  19  2:13  Metabolic Boost  
  23  2:16  Queen  
  23  2:18  Drone x2  
  23  2:22  Drone  
  28  2:25  Drone  
  29  2:38  Drone x2  
  30  2:52  Drone x2  
  30  2:58  Overlord  
  32  3:02  Overlord  
  32  3:12  Hatchery  
  31  3:13  Drone x2  
  31  3:15  Queen  
  31  3:17  Drone  
  36  3:21  Drone  
  36  3:26  Drone x3  
  36  3:27  Drone x2  
  42  3:29  Drone  
  43  3:42  Zergling x2  
  43  3:43  Zergling x6  
  46  3:55  Overlord  
  46  4:01  Drone x2  
  46  4:02  Drone x3  
  51  4:03  Baneling Nest, Drone  
  51  4:05  Drone  
  52  4:17  Evolution Chamber  
  52  4:19  Evolution Chamber  
  52  4:20  Spine Crawler  
  47  4:35  Drone x5  
  50  4:38  Extractor, Queen  
  50  4:39  Queen  
  50  4:40  Queen  
  50  4:43  Drone x2, Spine Crawler  
  56  4:51  Zerg Ground Armor Level 1  
  56  5:11  Drone x3  
  56  5:12  Drone  
  56  5:13  Extractor  
  59  5:14  Extractor, Drone x3, Queen  
  59  5:15  Extractor, Drone x4, Overlord  
  59  5:16  Extractor  
  59  5:17  Lair  
  65  5:23  Zergling x4  
  64  5:32  Spore Crawler, Spine Crawler  
  57  5:45  Drone x4  
  57  5:48  Drone  
  57  5:49  Drone x4, Queen  
  64  5:59  Spore Crawler  
  59  6:14  Overseer  
  53  6:22  Hatchery  
  52  6:35  Drone  
  52  6:36  Drone x7  
  52  6:37  Drone x7  
  67  6:41  Centrifical Hooks  
  67  6:42  Spire  
  67  6:43  Drone  
  67  6:48  Spore Crawler, Spine Crawler  
  65  7:02  Drone x6  
  71  7:25  Hatchery  
  71  7:39  Overlord x3  
  71  7:46  Zerg Melee Weapons Level 1  
  71  7:47  Zerg Ground Armor Level 2  
  71  7:50  Hatchery  
  70  7:54  Mutalisk x2  
  70  7:56  Mutalisk  
  70  7:57  Mutalisk x5  
  86  7:58  Mutalisk  
  86  8:05  Pneumatized Carapace  
  88  8:07  Hatchery  
  88  8:08  Drone x3  
  88  8:09  Drone x5  
  95  8:31  Zerg Flyer Weapons Level 1  
  95  8:35  Drone x3  
  95  8:36  Infestation Pit, Drone  
  95  8:37  Extractor  
  97  8:41  Extractor  
  94  9:09  Overlord x2  
  94  9:10  Drone, Overlord, Queen  
  94  9:13  Overlord x2  
  94  9:15  Hive  
  97  9:20  Roach Warren  
  97  9:21  Drone x7  
  97  9:22  Hydralisk Den  
  98  9:43  Mutalisk x8  
  98  9:44  Mutalisk x3  
  118  9:46  Queen  
  118  9:50  Spine Crawler  
  118  9:51  Spore Crawler  
  118  9:52  Drone x3  
  121  9:55  Spine Crawler  
  121  9:56  Extractor  
  121  9:57  Extractor  
  118  10:07  Overlord x2  
  118  10:10  Pathogen Glands, Glial Reconstitution  
  118  10:12  Muscular Augments  
  114  10:45  Hydralisk x3  
  114  11:09  Roach x27  
  166  11:22  Ultralisk Cavern, Adrenal Glands  
  165  11:27  Drone  
  165  11:30  Overlord x2  
  165  11:32  Hatchery  
  165  11:45  Hatchery  
  164  11:47  Overseer x2  
  164  11:48  Overseer  
  164  11:50  Ravager x2  
  164  11:51  Ravager x4  
  170  11:58  Zergling x2  
  170  11:59  Zergling x22  
  170  12:00  Overlord x2  
  170  12:01  Overlord x2  
  178  12:28  Corruptor x3  
  178  12:29  Ultralisk x2  
  192  12:30  Zergling x2  
  192  12:31  Zergling x14  
  200  12:49  Spore Crawler  
  199  12:51  Spine Crawler  
  199  12:57  Zergling x4  
  199  13:18  Zergling x2  
  199  13:19  Ultralisk, Zergling x6  
  187  13:55  Ultralisk x2  
  198  13:56  Corruptor  
  122  14:44  Corruptor x2, Mutalisk, Zergling x2  
  122  14:45  Ultralisk x3, Roach x2, Zergling x4  
  137  15:11  Corruptor  
  137  15:12  Corruptor x4  
  137  15:13  Zergling x4  
  106  15:51  Ultralisk x2, Corruptor x2, Zergling x8  
  106  15:52  Roach, Corruptor  
  106  15:53  Roach  
  106  15:54  Zergling x10  
  120  16:03  Ultralisk x2  
  128  16:05  Overlord x2  
  128  16:06  Overlord x2  
  117  16:51  Hatchery  
  116  16:55  Hatchery  
  115  17:11  Roach x2  
  115  17:12  Roach x4  
  115  17:14  Overlord x3  
  151  17:28  Hatchery  
  142  17:32  Zergling x8  
  142  17:33  Zergling x2  
Show
View Real Time Build Order
Export as new Build Order

Trizztein Terran - Winner!

Build Orders: Reaper Expand, Hellion Banshee, Mech 

Get SALT Encoding   

  12  0:00  SCV  
  13  0:13  SCV  
  14  0:19  Supply Depot  
  14  0:25  SCV  
  15  0:41  SCV  
  16  0:43  Barracks  
  16  0:45  Refinery  
  16  0:53  SCV  
  17  1:05  SCV  
  18  1:17  SCV  
  19  1:30  Orbital Command  
  19  1:31  Reaper  
  20  1:41  Command Center  
  20  1:50  Supply Depot  
  20  1:56  SCV  
  21  2:03  Marine  
  21  2:07  Factory  
  22  2:09  SCV  
  22  2:15  Refinery  
  23  2:21  SCV  
  24  2:23  Barracks Reactor  
  24  2:33  SCV  
  25  2:46  SCV  
  26  2:55  Starport  
  26  2:58  SCV, Orbital Command  
  27  3:10  SCV, Hellion x2  
  32  3:18  Barracks Tech Lab  
  32  3:22  SCV  
  33  3:27  Supply Depot  
  33  3:28  SCV  
  33  3:32  Hellion x2  
  38  3:34  SCV  
  38  3:40  SCV  
  40  3:47  SCV, Cloaking Field, Banshee  
  44  3:49  Barracks Tech Lab  
  44  3:52  SCV  
  44  3:54  Hellion x2  
  49  4:00  SCV  
  49  4:02  Supply Depot  
  50  4:05  SCV, Supply Depot  
  50  4:12  SCV  
  50  4:15  Hellion  
  50  4:17  SCV  
  54  4:18  Armory  
  54  4:24  SCV  
  54  4:29  SCV  
  54  4:37  Hellion x2  
  56  4:40  Banshee  
  56  4:41  SCV  
  56  4:42  SCV  
  61  4:52  Command Center  
  61  4:53  SCV  
  61  4:56  Supply Depot  
  62  5:04  SCV, Hellion  
  62  5:05  Hellion x2  
  62  5:06  SCV  
  68  5:09  Refinery  
  68  5:10  Refinery  
  68  5:16  SCV  
  69  5:22  Barracks Tech Lab  
  69  5:26  Factory  
  69  5:27  Factory  
  67  5:32  SCV x2  
  67  5:33  Hellion  
  71  5:39  Banshee  
  71  5:41  Hellion  
  70  5:44  SCV x2  
  68  5:56  SCV x2  
  70  5:57  Terran Vehicle Weapons Level 1  
  70  5:58  Engineering Bay  
  70  5:59  Supply Depot  
  70  6:08  SCV x2  
  72  6:30  SCV x2  
  71  6:37  Orbital Command, Supply Depot  
  71  6:40  Supply Depot  
  71  6:42  SCV x2  
  71  6:44  Supply Depot  
  71  6:46  Missile Turret  
  71  6:47  Supply Depot  
  73  6:54  SCV  
  73  6:55  Hellion x2  
  73  6:57  Siege Tank  
  81  7:01  Supply Depot  
  81  7:06  Missile Turret  
  81  7:07  SCV  
  82  7:09  Raven, SCV, Supply Depot  
  82  7:10  Supply Depot  
  82  7:12  Siege Tank  
  89  7:19  SCV  
  89  7:21  SCV  
  91  7:29  Siege Tank  
  93  7:33  SCV  
  93  7:35  Hellion x2  
  98  7:40  Missile Turret  
  98  7:41  SCV  
  98  7:43  Missile Turret  
  99  7:44  Siege Tank  
  99  7:45  SCV  
  99  7:47  Missile Turret  
  99  7:49  Orbital Command  
  103  7:53  SCV  
  103  7:56  Hellion  
  103  7:57  SCV  
  107  8:02  Refinery  
  107  8:04  Refinery  
  107  8:05  Thor, Barracks Reactor  
  113  8:06  SCV  
  113  8:09  SCV, Starport Reactor  
  115  8:18  SCV, Hellion  
  118  8:21  SCV  
  118  8:23  Missile Turret  
  118  8:26  Siege Tank  
  124  8:27  Hellion  
  124  8:29  SCV  
  124  8:30  SCV  
  126  8:40  SCV  
  127  8:41  SCV  
  127  8:48  Siege Tank, Widow Mine  
  133  8:56  Command Center  
  133  8:57  Factory x2  
  133  8:58  Liberator x2  
  133  9:02  SCV  
  128  9:05  Thor, Missile Turret  
  128  9:06  Hellion  
  128  9:08  SCV x2  
  138  9:10  Supply Depot  
  138  9:13  Missile Turret  
  138  9:16  Missile Turret  
  144  9:17  Hellion  
  144  9:19  Infernal Pre-Igniter  
  144  9:20  Terran Vehicle Weapons Level 2  
  144  9:23  Armory  
  146  9:29  Widow Mine  
  146  9:30  Siege Tank  
  150  9:39  Hellion  
  152  9:49  Hellion  
  154  9:57  Thor  
  154  9:58  Hellion x2  
  154  9:59  Liberator x2  
  164  10:03  Supply Depot  
  164  10:05  Missile Turret  
  164  10:07  Thor  
  164  10:08  Hellion x2  
  164  10:11  Supply Depot  
  174  10:14  Missile Turret  
  164  10:39  Thor  
  164  10:41  Liberator x2  
  164  10:46  Missile Turret  
  164  10:48  Missile Turret x2  
  164  10:49  Hellion x4  
  160  11:00  Thor  
  160  11:02  Terran Vehicle And Ship Armor Level 1  
  166  11:16  Missile Turret  
  166  11:17  Missile Turret  
  166  11:21  Thor  
  166  11:22  Hellion x4  
  180  11:26  Hellion  
  182  11:43  Terran Vehicle Weapons Level 3, Hellion x2  
  186  11:50  Missile Turret  
  186  11:51  Siege Tank x2, Hellion x2  
  186  11:52  Missile Turret  
  186  11:53  Missile Turret  
  196  12:02  Starport  
  196  12:04  Fusion Core  
  196  12:26  Hellion x2  
  196  12:41  Planetary Fortress  
  194  13:06  Refinery x2  
  194  13:12  Siege Tank  
  194  13:13  Hellion  
  194  13:14  Hellion  
  195  13:25  Terran Vehicle And Ship Armor Level 2  
  195  13:30  Hellion  
  195  13:34  Hellion  
  195  13:35  Hellion x2  
  195  13:40  Hellion  
  196  13:45  Hellion  
  196  13:47  Starport Reactor  
  196  13:49  Viking  
  196  13:51  Viking  
  196  13:54  Siege Tank, Hellion  
  196  13:56  Hellion  
  196  13:57  Hellion  
  196  14:05  Hellion x2  
  196  14:06  Hellion  
  185  14:15  Hellion  
  174  14:17  Hellion  
  166  14:26  SCV x2  
  166  14:27  Hellion  
  166  14:28  Hellion  
  164  14:31  Hellion  
  164  14:32  SCV  
  164  14:33  Viking, Hellion  
  164  14:36  Viking  
  164  14:38  SCV  
  164  14:40  Hellion x2  
  164  14:43  Siege Tank  
  163  14:49  Hellion x2  
  164  15:09  Terran Ship Weapons Level 1  
  164  15:26  Liberator x2  
  164  15:28  Liberator  
  164  15:35  Hellion  
  164  15:36  Hellion  
  164  15:39  Hellion x4  
  164  15:45  Viking  
  164  15:46  Hellion x2  
  164  15:47  Hellion x2  
  149  15:50  Hellion  
  149  15:56  Hellion  
  126  15:57  Siege Tank  
  126  15:58  Liberator  
  125  16:11  Siege Tank  
  128  16:17  Siege Tank, Hellion x3  
  136  16:19  Hellion  
  138  16:29  Siege Tank  
  139  16:38  Hellion  
  139  16:39  Hellion  
  143  16:43  Siege Tank  
  146  16:47  Liberator  
  146  16:49  Thor  
  152  16:55  Hellion  
  154  17:01  Thor  
  147  17:43  Missile Turret  
  147  17:46  Missile Turret  
Tags
 
Add a new tag
Caveats
  • Supply blocks, unpowered buildings, or Contaminate may cause inaccurate times.
  • Supply counts are checked every 10 seconds.